 Dungeon Crawl Stone Soup version 0.17.1-3-g152610e (webtiles) character file.

3942 kaze the Ducker (level 10, -4/96 HPs)
             Began as a Troll Berserker on Mar 7, 2016.
             Was an Elder of Trog.
             Killed from afar by Erolcha (13 damage)
             ... with a puff of flame
             ... on level 9 of the Dungeon.
             The game lasted 00:18:15 (6828 turns).

kaze the Ducker (Troll Berserker)                   Turns: 6828, Time: 00:18:15

Health: -4/96      AC:  6    Str: 29 (30) XL:     10   Next: 1%
Magic:  9/9        EV:  7    Int:  5      God:    Trog [****..]
Gold:   433        SH: 16    Dex:  3 (9)  Spells: 0 memorised, 9 levels left

rFire  . . .     SeeInvis .     F - +4 long sword
rCold  . . .     Clarity  .     a - +1 animal skin
rNeg   . . .     SustAt   .     z - +0 large shield
rPois  .         Gourm    +     (helmet restricted)
rElec  .         Spirit   .     (no cloak)
rCorr  .         Warding  .     (gloves unavailable)
rMut   .         Stasis   .     (boots unavailable)
MR     .....                    (no amulet)
Stlth  +.........               (no ring)
                                K - +2 ring of intelligence

@: exhausted, slowed, very slow, not resistant to hostile enchantments, very
unstealthy
A: unfitting armour, claws 3, deterioration 2, fast metabolism 3, gourmand,
regeneration 2, screaming 1, shaggy fur 1, tough skin 2
a: Berserk, Trog's Hand, Brothers in Arms, Burn Spellbooks, Renounce Religion


You were on level 9 of the Dungeon.
You worshipped Trog.
Trog was greatly pleased with you.
You were not hungry.

You visited 1 branch of the dungeon, and saw 9 of its levels.
You also visited: Sewer.

You collected 433 gold pieces.

Inventory:

Hand Weapons
 w - a +0 war axe
 F - a +4 long sword (weapon)
Missiles
 r - 2 poisoned tomahawks
 s - 15 tomahawks (quivered)
 B - 3 tomahawks of returning
Armour
 a - a +1 animal skin (worn)
 z - a +0 large shield (worn)
Jewellery
 y - a cursed ring of teleportation
 H - an uncursed amulet of warding {unknown}
 K - a +2 ring of intelligence (left claw)
Wands
 e - a wand of fireball (4)
Scrolls
 c - a scroll of blinking
 f - 3 scrolls of recharging
 g - 6 scrolls of teleportation
 h - 4 scrolls of remove curse
 j - 6 scrolls of random uselessness
 l - a scroll of immolation
 o - a scroll of fear
 u - 4 scrolls of enchant armour
Potions
 i - a potion of flight
 m - 2 potions of lignification
 n - 2 potions of brilliance
 t - 2 potions of curing
 D - 2 potions of cancellation
Comestibles
 b - 3 bread rations
 q - 4 meat rations
 v - 5 beef jerkies
 C - 3 slices of pizza
 E - 3 royal jellies


   Skills:
 + Level 5.3 Fighting
 + Level 1.0 Long Blades
 + Level 2.6 Axes
 + Level 7.6 Dodging
 - Level 1.8 Stealth
 + Level 5.4 Shields
 + Level 6.4 Unarmed Combat


You had 9 spell levels left.
You didn't know any spells.

Dungeon Overview and Level Annotations

Branches:
Dungeon (9/15)             Temple (0/1) D:7            Lair (0/8) D:8
    Orc: D:9-12

Altars:
Cheibriados
Dithmenos
Fedhas
Gozag
Nemelex Xobeh
Okawaru
Sif Muna
Trog
Xom
Yredelemnul

Annotations:
D:9 Erolcha


Innate Abilities, Weirdness & Mutations

You are too large for most types of armour.
You have claws for hands.
Your metabolism is lightning-fast.
You like to eat raw meat.
You heal very quickly.
You are covered in fur (AC +1).
You have very tough skin (AC +2).
Your body often deteriorates upon taking damage.
You occasionally shout uncontrollably at your foes.


Message History

You hit something. Something hits you!
Your body deteriorates!
You feel clumsy.
You are too berserk!
You barely miss something. You block its attack.
You slash something! Something hits you!!
Your shield prevents you from hitting something.
You slash something! Something hits you!
You barely miss something.
You are no longer berserk.
You are exhausted.
You feel yourself slow down. Something hits you!
* * * LOW HITPOINT WARNING * * *
Your body deteriorates!
You feel clumsy.
You closely miss something. Something hits you!
* * * LOW HITPOINT WARNING * * *
Your body deteriorates!
You feel weakened. You block its attack.
You hear some strange, mumbled words.
A puff of flame appears from out of thin air!
The puff of flame hits you!
You die...

.....# #.........#
.....# #.........#
.....# +.).......#
.....# # #........#
.....# ..##.....?.#
.....+ .._........#
.....# ...P.......#
.....# ⌠P_........#
)....# ...#...@...#
'##### . ####'####
....## #....# ###..#
######.## ####'####
#.......# ........###
#.......# ........'.#
#.......#
....(...#†####.......#
........#...##.......#


There were no monsters in sight!

Vanquished Creatures
  The ghost of kaze the Ruffian, a novice TrBe of Trog (D:5)
  A gargoyle (D:8)
  A two-headed ogre (D:9)
  Sigmund (D:3)
  4 ogres
  An ice beast (D:8)
  A sky beast (D:5)
  A porcupine (D:8)
  A phantom (D:5)
  The ghost of WereVolvo the Poker, an amateur DsGl (Sewer)
  4 centaurs
  A crocodile (Sewer)
  Blork the orc (D:5)
  2 giant frogs (D:6)
  2 scorpions
  5 wights (D:8)
  A crimson imp (D:5)
  3 orc priests
  A centaur zombie (D:5)
  A jelly (D:9)
  4 centaur skeletons
  3 hounds
  4 iguanas
  2 giant frog skeletons (D:7)
  3 orc wizards
  2 hell rats (D:8)
  3 worker ants
  A hound zombie (D:6)
  4 adders
  3 gnolls (D:7)
  A worker ant zombie (D:8)
  A river rat (D:8)
  2 shadow imps
  An ooze (D:2)
  3 adder skeletons
  2 worms
  7 giant geckos
  24 orcs
  A ball python (D:4)
  21 bats
  11 giant cockroaches
  9 goblins
  5 hobgoblins
  4 jackals (D:1)
  5 kobolds
  7 quokkas
  A giant cockroach zombie (D:5)
  A giant gecko skeleton (D:4)
  3 giant newts
  2 jackal skeletons
  8 rats
182 creatures vanquished.

Notes
Turn   | Place    | Note
--------------------------------------------------------------
     0 | D:1      | kaze the Troll Berserker began the quest for the Orb.
     0 | D:1      | Reached XP level 1. HP: 22/22 MP: 0/0
   125 | D:1      | Reached XP level 2. HP: 29/29 MP: 1/1
   593 | D:1      | Reached XP level 3. HP: 35/37 MP: 2/2
   780 | D:2      | Found a sparkling altar of Nemelex Xobeh.
   944 | D:2      | Reached ** piety under Trog
  1091 | D:2      | Found a snail-covered altar of Cheibriados.
  1780 | D:2      | Found a deep blue altar of Sif Muna.
  2023 | D:3      | Noticed Sigmund
  2040 | D:3      | Killed Sigmund
  2040 | D:3      | Reached skill level 4 in Unarmed Combat
  2040 | D:3      | Reached XP level 4. HP: 17/45 MP: 3/3
  2040 | D:3      | Reached XP level 5. HP: 20/53 MP: 4/4
  2244 | D:3      | Found a blossoming altar of Fedhas.
  2559 | D:4      | Reached XP level 6. HP: 50/61 MP: 5/5
  2586 | D:4      | Reached skill level 1 in Stealth
  3049 | D:4      | Found a glowing drain.
  3067 | Sewer    | Entered a sewer
  3067 | Sewer    | Noticed WereVolvo's ghost (amateur DsGl)
  3077 | Sewer    | Killed WereVolvo's ghost
  3077 | Sewer    | Reached skill level 1 in Shields
  3077 | Sewer    | Reached XP level 7. HP: 68/68 MP: 6/6
  3082 | Sewer    | Reached *** piety under Trog
  3332 | D:5      | Entered Level 5 of the Dungeon
  3370 | D:5      | Noticed kaze's ghost (novice TrBe)
  3385 | D:5      | Killed kaze's ghost
  3385 | D:5      | Reached skill level 5 in Dodging
  3385 | D:5      | Reached skill level 5 in Unarmed Combat
  3385 | D:5      | Reached XP level 8. HP: 78/78 MP: 7/7
  3644 | D:5      | Noticed Blork the orc
  3655 | D:5      | Killed Blork the orc
  3655 | D:5      | Reached skill level 6 in Unarmed Combat
  3675 | D:5      | Gained mutation: Your body sometimes deteriorates upon taking damage. [potion of mutation]
  3675 | D:5      | Gained mutation: Your body often deteriorates upon taking damage. [potion of mutation]
  3676 | D:5      | Gained mutation: You occasionally shout uncontrollably at your foes. [potion of mutation]
  4495 | D:6      | Found a bloodstained altar of Trog.
  4716 | D:6      | Reached **** piety under Trog
  4963 | D:6      | Found a basalt altar of Yredelemnul.
  4968 | D:6      | Found a shimmering altar of Xom.
  5071 | D:7      | Found a staircase to the Ecumenical Temple.
  5113 | D:7      | Found a blossoming altar of Fedhas.
  5208 | D:7      | Reached XP level 9. HP: 74/85 MP: 8/8
  5438 | D:7      | Found an opulent altar of Gozag.
  5562 | D:7      | Reached skill level 1 in Axes
  5701 | D:8      | Found a staircase to the Lair.
  5837 | D:8      | Reached skill level 7 in Dodging
  6293 | D:8      | Noticed a gargoyle
  6300 | D:8      | Reached skill level 5 in Fighting
  6306 | D:8      | Killed a gargoyle
  6306 | D:8      | Reached skill level 5 in Shields
  6386 | D:8      | Noticed a centaur skeleton
  6395 | D:8      | Killed a centaur skeleton
  6614 | D:9      | Reached skill level 1 in Long Blades
  6632 | D:9      | Reached XP level 10. HP: 96/96 MP: 9/9
  6803 | D:9      | Found an iron altar of Okawaru.
  6804 | D:9      | Found a shadowy altar of Dithmenos.
  6806 | D:9      | Noticed Erolcha
  6812 | D:9      | Paralysed by Erolcha for 5 turns
  6828 | D:9      | Killed from afar by Erolcha

Action                   |  1- 3 |  4- 6 |  7- 9 | 10-12 || total
-------------------------+-------+-------+-------+-------++-------
Melee: Unarmed           |   122 |    92 |   214 |       ||   428
       War axe           |       |       |   182 |       ||   182
       Long sword        |       |       |    43 |    12 ||    55
Throw: Tomahawk          |       |       |     6 |       ||     6
Invok: Trog's Hand       |     1 |       |     1 |       ||     2
       Berserk           |       |     1 |     6 |     1 ||     8
  Use: Scroll            |       |     5 |    14 |       ||    19
       Potion            |       |       |    10 |       ||    10
 Stab: Sleeping          |       |     2 |     1 |       ||     3
  Eat: Chunk             |    15 |     9 |    40 |     1 ||    65
       Bread ration      |     2 |       |       |       ||     2
